 Dungeon Crawl Stone Soup version 0.27-a0-203-gd48b2df3c9 (webtiles) character file.

Game seed: 9532132565995620353

653 gimp the Conjurer (level 7, 0/46 HPs)
             Began as a Demonspawn Hedge Wizard on Jan 30, 2021.
             Was an Initiate of Gozag.
             Slain by an ogre
             ... wielding a +0 giant club
              (23 damage)
             ... on level 4 of the Dungeon.
             The game lasted 00:10:09 (6419 turns).

gimp the Conjurer (Demonspawn Hedge Wizard)         Turns: 6419, Time: 00:10:10

Health: 0/46       AC:  5    Str: 10      XL:     7   Next: 29%
Magic:  10/13      EV: 11    Int: 17      God:    Gozag
Gold:   190        SH:  0    Dex:  5 (11) Spells: 6/14 levels left

rFire    . . .     SeeInvis .   g - +0 dagger (drain)
rCold    . . .     Faith    .   (no shield)
rNeg     . . .     Spirit   .   b - +0 robe
rPois    .         Reflect  .   c - +0 hat
rElec    .         Harm     .   (no cloak)
rCorr    .         Rampage  .   i - +0 pair of gloves
Will     .....     Clarity  +   (no boots)
Stlth    +.........             (no amulet)
HPRegen  0.15/turn              m - ring of flight
MPRegen  0.13/turn              (no ring)

@: no status effects
A: claws 2, icy blue scales 1, blurry vision 1, clarity, clumsy 1, demonic
guardian 1, wild magic 1
a: Renounce Religion, Evoke Flight, Potion Petition, Call Merchant, Bribe Branch


You were on level 4 of the Dungeon.
You worshipped Gozag.
Gozag was aware of your devotion.
You visited 2 branches of the dungeon, and saw 6 of its levels.

You collected 212 gold pieces.
You paid 22 gold pieces to Gozag.

Inventory:

Hand Weapons
 g - a +0 dagger of draining (weapon)
Missiles
 h - 37 poisoned darts (quivered)
 r - 7 javelins
Armour
 b - a +0 robe (worn)
 c - a +0 hat (worn)
 i - a +0 pair of gloves (worn)
 v - a +0 buckler
Jewellery
 m - a ring of flight (left hand)
Scrolls
 a - 3 scrolls of identify {unknown}
 d - 3 scrolls of remove curse {unknown}
 l - a scroll of enchant armour {unknown}
 n - 2 scrolls of teleportation {unknown}
 s - 2 scrolls of amnesia {unknown}
 t - a scroll of immolation {unknown}
 w - a scroll of noise {unknown}
Potions
 e - a potion of haste
 f - a potion of attraction {unknown}
 j - a potion of might {unknown}
 k - a potion of mutation
 o - 2 potions of lignification {unknown}
 p - 2 potions of curing {unknown}
 q - a potion of brilliance {unknown}
 u - a potion of degeneration {unknown}


   Skills:
 - Level 1.7 Dodging
 - Level 1.7 Stealth
 * Level 2.5 Shields
 - Level 4.2 Spellcasting
 + Level 4.9 Conjurations
 - Level 1.0 Summonings
 - Level 0.8 Translocations
 + Level 2.3 Air Magic
 + Level 2.7 Poison Magic


You had 6 spell levels left.
You knew the following spells:

 Your Spells              Type           Power        Failure   Level
a - Magic Dart            Conj           100%         3%          1
b - Blink                 Tloc           N/A          24%         2
c - Mephitic Cloud        Conj/Pois/Air  19%          17%         3
d - Call Imp              Summ           9%           22%         2

Your spell library contained the following spells:

 Spells                   Type           Power        Failure   Level
 Conjure Flame            Conj/Fire      15%          24%         3
 Slow                     Hex            4%           32%         2


Dungeon Overview and Level Annotations

Branches:
Dungeon (5/15)             Temple (1/1) D:4

Altars:
Ashenzari
Cheibriados
Dithmenos
Elyvilon
Fedhas
Gozag
Hepliaklqana
Kikubaaqudgha
Makhleb
Nemelex Xobeh
Okawaru
Qazlal
Ru
Sif Muna
Trog
Uskayaw
Vehumet
Wu Jian
Xom
Yredelemnul
Zin
The Shining One


Innate Abilities, Weirdness & Mutations

You have very sharp fingernails.
You are partially covered in icy blue scales. (AC +2)
A weak demonic guardian rushes to your aid.
Scrolls take you a little longer to read.
You possess an exceptional clarity of mind.
You are clumsy. (Dex -2)
Your spells are a little harder to cast, but a little more powerful.


Message History

Confirm with . or Enter, or press ? or * to list all spells.
Aiming: Mephitic Cloud (dangerous; 17% risk of failure)
Press: ? - help, Shift-Dir - straight line, f - ogre
Aim: an ogre, wielding a +0 giant club (lightly wounded)
The ball explodes into a vile cloud!
The stinking cloud engulfs the ogre but does no damage.
The ogre is lightly wounded.
The ogre is engulfed in noxious fumes.
The ogre appears confused.
You now have 10/13 mp.
You hit the ogre. You drain the ogre.
The ogre is moderately wounded.
The ogre is engulfed in noxious fumes.
The ogre appears confused.
The ogre closely misses you.
You hit the ogre. You drain the ogre.
The ogre is heavily wounded.
The ogre is engulfed in noxious fumes.
The ogre appears confused.
The ogre hits you with a +0 giant club!!
Ouch! That really hurt!
You die...
Your body crumbles into a pile of gold.

#..# #..#
#..###############
#.................
#.################
#○# #..... #☼#
#.#### #O# #.# #@#
#.# #.# #.# #.#
#.# #.#########
#.# #.........#
#.#### #########.#
#..... #.# #####)
#.# #. #.# #.


You could see an ogre (confused, drained).

Vanquished Creatures
  Sigmund (D:2)
  An ice beast (D:4)
  A sky beast (D:5)
  A centaur skeleton (D:5)
  An iguana (D:5)
  2 worker ants
  A hound skeleton (D:5)
  7 adders
  A gnoll (D:1)
  2 dart slugs (D:1)
  2 leopard geckos (D:1)
  7 orcs
  3 ball pythons
  4 giant cockroaches
  6 goblins
  8 hobgoblins
  4 jackals
  A quokka (D:5)
  A ball python skeleton (D:5)
  4 bats
  3 frilled lizards
  4 kobolds
  A quokka zombie (D:3)
  9 rats
75 creatures vanquished.

Vanquished Creatures (collateral kills)
  A sky beast (D:5)
  A quasit (D:4)
  An iguana (D:4)
3 creatures vanquished.

Vanquished Creatures (others)
  2 plants (D:1)
2 creatures vanquished.

Grand Total: 80 creatures vanquished

Notes
Turn   | Place    | Note
-------+----------+-------------------------------------------
     0 | D:1      | gimp the Demonspawn Hedge Wizard began the quest for the
                  | Orb.
     0 | D:1      | Reached XP level 1. HP: 13/13 MP: 4/4
   270 | D:1      | Gained mutation: A weak demonic guardian rushes to your
                  | aid. [demonic ancestry]
   270 | D:1      | Reached XP level 2. HP: 11/19 MP: 0/6
  1324 | D:1      | Gained mutation: You have sharp fingernails. [demonic
                  | ancestry]
  1324 | D:1      | Reached XP level 3. HP: 24/24 MP: 0/7
  1859 | D:2      | Noticed Sigmund
  1886 | D:2      | Killed Sigmund
  1887 | D:2      | Reached XP level 4. HP: 28/30 MP: 7/10
  1887 | D:2      | Reached XP level 5. HP: 33/35 MP: 7/11
  1890 | D:2      | Learned a level 2 spell: Blink
  1894 | D:2      | Learned a level 3 spell: Mephitic Cloud
  1897 | D:2      | Learned a level 2 spell: Call Imp
  3173 | D:3      | Found a blossoming altar of Fedhas.
  3287 | D:3      | Reached skill level 1 in Poison Magic
  3382 | D:3      | Reached skill level 1 in Air Magic
  3999 | D:4      | Found a staircase to the Ecumenical Temple.
  4003 | Temple   | Entered the Ecumenical Temple
  4036 | Temple   | Became a worshipper of Gozag Ym Sagoz the Greedy
  4083 | D:4      | Gained mutation: You are partially covered in icy blue
                  | scales. (AC +2) [demonic ancestry]
  4083 | D:4      | Reached XP level 6. HP: 38/41 MP: 0/12
  4814 | D:5      | Entered Level 5 of the Dungeon
  4849 | D:5      | Noticed an ice beast
  5256 | D:4      | Gained mutation: You are clumsy. (Dex -2) [potion of
                  | mutation]
  5256 | D:4      | Gained mutation: Scrolls take you a little longer to read.
                  | [potion of mutation]
  5256 | D:4      | Gained mutation: You possess an exceptional clarity of
                  | mind. [potion of mutation]
  5256 | D:4      | Gained mutation: Your spells are a little harder to cast,
                  | but a little more powerful. [potion of mutation]
  5543 | D:4      | Killed an ice beast
  5544 | D:4      | Reached skill level 1 in Shields
  5907 | D:5      | Noticed a sky beast
  5924 | D:5      | Killed a sky beast
  5925 | D:5      | Gained mutation: You have very sharp fingernails. [demonic
                  | ancestry]
  5925 | D:5      | Reached XP level 7. HP: 19/46 MP: 5/13
  6419 | D:4      | Slain by an ogre

Illustrated notes

Levels and vault maps discovered:
D:1:      amcnicky_arrival_choice, layout_basic, serial_forest,
          infiniplex_forest_end_2, infiniplex_forest_clump_diagonal,
          infiniplex_forest_clump_medium, infiniplex_forest_lined_corner,
          infiniplex_forest_join, infiniplex_forest_lined_3,
          infiniplex_forest_clump_curved, infiniplex_forest_straight_5,
          minmay_misc_feat_columns, minmay_heptomino_w4
D:2:      layout_basic, hangedman_glass_teeth, minmay_indecisive_spiral,
          uniq_sigmund
D:3:      layout_rooms, overflow_temple_1_default
D:4:      layout_loops_ring, minmay_temple_entry_steel_oval
D:5:      layout_cave_pools, st_stairs_1
Temple:   nicolae_temple_the_god_donut

Skill      XL: |  1  2  3  4  5  6 |
---------------+-------------------+-----
Conjurations   | 2 3 4 |  4.9
Spellcasting   | 4 |  4.2
Poison Magic   | 1 2 |  2.7
Air Magic      | 1 2 |  2.3
Shields        | 2 |  2.5
Dodging        | |  1.7
Stealth        | |  1.7
Summonings     | |  1.0
Translocations | |  0.8

Action                   |  1- 3 |  4- 6 |  7- 9 || total
-------------------------+-------+-------+-------++-------
Melee: Dagger            |    31 |    38 |     2 ||    71
Throw: Dart              |       |       |     3 ||     3
 Cast: Magic Dart        |    71 |   149 |    25 ||   245
       Call Imp          |       |    10 |       ||    10
       Mephitic Cloud    |       |       |     2 ||     2
  Use: Potion            |       |     2 |       ||     2
 Stab: Sleeping          |     1 |       |       ||     1
Armor: Robe              |     6 |    55 |       ||    61
Dodge: Dodged            |    33 |    73 |     6 ||   112

Table legend: (Time is in decaauts)
 A = Elapsed time spent in this place.
 B = Non-inter-level travel time spent in this place.
 C = Inter-level travel time spent in this place.
 D = Time resting spent in this place.
 E = Time spent auto-exploring this place.
 F = Levels seen in this place.
 G = Mean time per level.
                   A        B        C        D        E       F      G
               +--------+--------+--------+--------+--------+-----+--------+
         Total |   6403 |   6134 |    269 |    358 |   4857 |   6 | 1067.2 |
       Dungeon |   6350 |   6081 |    269 |    358 |   4850 |   5 | 1270.0 |
        Temple |     53 |     53 |      0 |      0 |      7 |   1 |   53.0 |
               +--------+--------+--------+--------+--------+-----+--------+

Top non-repeatable levels by time:
     D:4: 1918 daAuts
     D:1: 1523 daAuts
     D:2: 1257 daAuts
     D:3: 968 daAuts
     D:5: 681 daAuts
  Temple: 53 daAuts
